 Dungeon Crawl Stone Soup version 0.27.1-33-g824d729ab1 (webtiles) character file.

Game seed: 12853288256894158267

3056 belegose the Conjurer (level 9, -2/73 HPs)
             Began as a Black Draconian Conjurer on Dec 20, 2021.
             Was an Initiate of Hepliaklqana.
             Slain by Harold (10 damage)
             ... on level 7 of the Dungeon.
             The game lasted 00:27:04 (8765 turns).

belegose the Conjurer (Black Draconian Conjurer)    Turns: 8765, Time: 00:27:05

Health: -2/73      AC: 11    Str:  9    XL:     9   Next: 57%
Magic:  12/18      EV: 12    Int: 27    God:    Hepliaklqana [......]
Gold:   279        SH:  0    Dex: 16    Spells: 17/20 levels left

rFire    + . .     SeeInvis .   a - +9 falchion "Wijefig" {vorpal, rC- rN++ Int+5}
rCold    + . .     Faith    .   (no shield)
rNeg     + + .     Spirit   .   (armour unavailable)
rPois    +         Reflect  .   (helmet restricted)
rElec    +         Harm     .   e - +0 cloak
rCorr    +         Rampage  .   (no gloves)
Will     .....                  n - +2 pair of boots {Fly}
Stlth    +++.......             (no amulet)
HPRegen  0.22/turn              q - +6 ring of dexterity
MPRegen  0.16/turn              r - ring of protection from cold

@: resistant, marked, flying
A: breathe lightning, AC +7, unfitting armour, electricity resistance,
cold-blooded
a: Breathe Lightning, Renounce Religion


You were on level 7 of the Dungeon.
You worshipped Hepliaklqana.
Hepliaklqana was noncommittal.
You visited 2 branches of the dungeon, and saw 9 of its levels.

You collected 279 gold pieces.

Inventory:

Hand Weapons
 a - the +9 falchion "Wijefig" (weapon) {vorpal, rC- rN++ Int+5}
   (You found it on level 5 of the Dungeon)

   It inflicts extra damage upon your enemies.
   Int:       It affects your intelligence (+5).
   rC:        It makes you vulnerable to cold.
   rN:        It greatly protects you from negative energy.
 b - a +0 hunting sling
Missiles
 c - 55 sling bullets
 f - 15 poisoned darts (quivered)
 g - 133 stones
 w - a curare-tipped dart
 y - 2 throwing nets
Armour
 e - a +0 cloak (worn)
 n - a +2 pair of boots of flying (worn)
 u - a +0 kite shield
Jewellery
 m - a ring of see invisible
 q - a +6 ring of dexterity (left hand)
 r - a ring of protection from cold (right hand)
Wands
 x - a wand of flame (27)
Scrolls
 d - a scroll of magic mapping {unknown}
 i - a scroll of enchant armour {unknown}
 o - a scroll of vulnerability {unknown}
 s - a scroll of identify {unknown}
 t - 2 scrolls of amnesia {unknown}
 v - a scroll of fear {unknown}
Potions
 h - 3 potions of curing
 j - a potion of berserk rage {unknown}
 k - a potion of heal wounds
 l - a potion of flight {unknown}
 p - a potion of resistance
 z - a potion of magic {unknown}
 A - a potion of ambrosia {unknown}


   Skills:
 - Level 4.8 Fighting
 + Level 4.4 Long Blades
 - Level 1.7 Dodging
 + Level 6.8 Stealth
 + Level 6.3 Spellcasting
 + Level 7.8 Conjurations
 + Level 2.1 Invocations


You had 17 spell levels left.
You knew the following spells:

 Your Spells              Type           Power      Damage    Failure   Level
a - Magic Dart            Conj           100%       1d8       1%          1
b - Searing Ray           Conj           100%       3d7       1%          2

Your spell library contained the following spells:

 Spells                   Type           Power      Damage    Failure   Level
 Dazzling Flash           Conj/Hex       58%        N/A       3%          3
 Corona                   Hex            8%         N/A       6%          1
 Ensorcelled Hibernation  Hex/Ice        16%        N/A       10%         2
 Fulminant Prism          Conj/Hex       14%        3d9       12%         4
 Iskenderun's Mystic Bla  Conj/Tloc      29%        2d7       12%         4
 Tukima's Dance           Hex            8%         N/A       19%         3
 Irradiate                Conj/Tmut      14%        3d18      34%         5
 Blade Hands              Tmut           4%         N/A       86%         5
 Dragon Form              Tmut           4%         N/A       100%        7


Dungeon Overview and Level Annotations

Branches:
Dungeon (8/15)             Temple (1/1) D:7
   Lair: D:8-11

Altars:
Ashenzari
Cheibriados
Dithmenos
Elyvilon
Fedhas
Gozag
Hepliaklqana
Kikubaaqudgha
Makhleb
Okawaru
Qazlal
Ru
Sif Muna
Trog
Uskayaw
Vehumet
Wu Jian
Xom
Yredelemnul
Zin
The Shining One

Shops:
D:7 :

Annotations:
D:5 1 runed translucent door, exclusion: door, Fractals's ghost, novice DjAr
D:7 Harold


Innate Abilities, Weirdness & Mutations

You can breathe wild blasts of lightning.
Your glossy black scales are hard. (AC +7)
You cannot fit into any form of body armour.
You are resistant to electric shocks. (rElec)
You are cold-blooded and may be slowed by cold attacks.


Message History

Harold is heavily wounded.
Harold hits you with a +0 broad axe!!
* * * LOW HITPOINT WARNING * * *
Unknown command.
The searing ray hits Harold!
Harold is heavily wounded.
You finish channeling your searing ray.
Harold closely misses you.
Unknown command.
It was a potion of curing.
You feel better. Harold barely misses you.
It was a potion of heal wounds.
You feel much better. Harold hits you with a +0 broad axe!
Casting: Searing Ray (safe; 1% risk of failure)
Confirm with . or Enter, or press ? or * to list all spells.
Okay, then.
It was a potion of resistance.
You feel protected. Harold hits you with a +0 broad axe.
Okay, then.
You slash Harold!
Harold is severely wounded.
Harold closely misses you.
You hit Harold.
Harold is severely wounded.
Harold gestures at you while chanting. The mark upon you grows brighter.
You hit Harold.
Harold is almost dead.
Harold hits you with a +0 broad axe!
* * * LOW HITPOINT WARNING * * *
Unknown command.
Casting: Searing Ray (safe; 1% risk of failure)
Confirm with . or Enter, or press ? or * to list all spells.
Aiming: Searing Ray (safe; 1% risk of failure)
Press: ? - help, Shift-Dir - straight line, f/p - Harold
Aim: Harold, wielding a +0 broad axe and wearing a +0 chain mail (almost dead, 92% to hit)
The searing ray hits Harold!
Harold is almost dead. (Press . to maintain the ray.) Harold hits you with a +0 broad axe!
You die...

#.# #.# #@##.##.
#.# #.# #.......
#.# #.# ####.##.
#.# #.# #.##. #.#
#.# #.... ###.###>#
#..## ##.......#
#..# #..@.#####
#..##
#.@############....
#..# #...>........
#..# #.##########.
#..####.####### #.
#......[....... ..
##.####.####### ##
#.# #)# ### #.# #)#
#.. #.# #.# #.#


You could see Harold.

Vanquished Creatures
  Pikel (D:5)
  Prince Ribbit (D:6)
  2 hornets (D:8)
  A shadow (D:8)
  Edmund (D:6)
  A black bear (D:6)
  2 necrophages
  2 ogres
  2 centaurs
  A kobold brigand (D:6)
  3 bullfrogs
  A gnoll sergeant (D:6)
  A scorpion (D:5)
  A water moccasin skeleton (D:4)
  A howler monkey (D:6)
  A jelly (D:2)
  A bullfrog zombie (D:7)
  A centaur zombie (D:5)
  2 hounds
  A centaur skeleton (D:4)
  A gnoll shaman (D:7)
  4 orc priests
  3 iguanas
  An orc wizard (D:6)
  A scorpion zombie (D:5)
  10 gnolls
  4 adders
  A shadow imp (D:7)
  2 white imps (D:5)
  A worm (D:4)
  3 dart slugs
  6 orcs
  5 ball pythons
  17 endoplasms
  3 giant cockroaches
  7 goblins
  3 hobgoblins
  2 quokkas
  4 bats
  5 frilled lizards
  18 kobolds
  3 rats
131 creatures vanquished.

Vanquished Creatures (others)
  6 fungi (D:2)
  5 toadstools (D:2)
11 creatures vanquished.

Grand Total: 142 creatures vanquished

Notes
Turn   | Place    | Note
-------+----------+-------------------------------------------
     0 | D:1      | belegose the Draconian Conjurer began the quest for the
                  | Orb.
     0 | D:1      | Reached XP level 1. HP: 14/14 MP: 3/3
   294 | D:1      | Reached XP level 2. HP: 22/22 MP: 3/5
   698 | D:1      | Reached skill level 1 in Fighting
  1020 | D:2      | Found a faded altar of an unknown god.
  1290 | D:2      | Reached XP level 3. HP: 28/28 MP: 0/6
  1972 | D:2      | Reached XP level 4. HP: 36/36 MP: 1/8
  3614 | D:4      | Learned a level 2 spell: Searing Ray
  3687 | D:4      | Reached XP level 5. HP: 42/42 MP: 3/9
  4385 | D:4      | Reached skill level 5 in Conjurations
  4574 | D:4      | Reached XP level 6. HP: 45/51 MP: 2/11
  4685 | D:5      | Entered Level 5 of the Dungeon
  5122 | D:5      | Found a runed translucent door.
  5125 | D:5      | Noticed Fractals's ghost (novice DjAr)
  5309 | D:5      | Noticed Pikel
  5365 | D:5      | Killed Pikel
  5366 | D:5      | Reached skill level 6 in Conjurations
  5366 | D:5      | Your scales start taking on a glossy black colour.
  5366 | D:5      | Reached XP level 7. HP: 60/60 MP: 3/13
  5366 | D:5      | Gained mutation: You are resistant to electric shocks.
                  | (rElec) [Black Draconian growth]
  5537 | D:5      | Reached XP level 8. HP: 67/67 MP: 9/14
  5580 | D:5      | Identified the +9 falchion "Wijefig" {vorpal, rC- rN++
                  | Int+5}
  5796 | D:5      | Reached skill level 5 in Stealth
  5819 | D:5      | Reached skill level 1 in Long Blades
  6421 | D:6      | Noticed Prince Ribbit
  6423 | D:6      | Killed Prince Ribbit
  6424 | D:6      | Reached skill level 5 in Spellcasting
  6548 | D:6      | Noticed Edmund
  6666 | D:6      | Killed Edmund
  6667 | D:6      | Reached skill level 7 in Conjurations
  7112 | D:6      | Reached XP level 9. HP: 72/73 MP: 17/17
  7936 | D:7      | Found a staircase to the Ecumenical Temple.
  7943 | Temple   | Entered the Ecumenical Temple
  8036 | Temple   | Became a worshipper of Hepliaklqana the Forgotten
  8210 | D:7      | Found Wuoted's Book Shop.
  8229 | D:7      | Noticed Harold
  8639 | D:8      | Reached skill level 1 in Invocations
  8765 | D:7      | Slain by Harold

Illustrated notes

Levels and vault maps discovered:
D:1:      noname_arrival_rooms_in_the_neighbourhood, layout_rooms,
          kennysheep_boxes
D:2:      cheibrodos_fertilizer, layout_basic,
          hellmonk_ecumenical_altar_inner_sanctum
D:3:      layout_loops_ring, chequers_garden
D:4:      layout_basic
D:5:      layout_basic, ebering_ghost_sewer_d,
          minmay_fractal_squares_diagonal_5, uniq_pikel
D:6:      layout_basic, nrook_mini_backslash, kennysheep_generic_room_8,
          uniq_edmund, uniq_prince_ribbit1
D:7:      layout_loops_ring, minmay_temple_entry_proselytizer, serial_shops,
          shop_statue, uniq_harold
D:8:      layout_rooms, lair_entry_dummy, nrook_loot_triangle, uniq_erica
Temple:   dpeg_three_leaves_temple

Skill      XL: |  1  2  3  4  5  6  7  8  9 |
---------------+----------------------------+-----
Stealth        | 2 3 4 6 |  6.8
Fighting       | 1 2 3 4 |  4.8
Spellcasting   | 3 4 5 6 |  6.3
Conjurations   | 5 6 7 |  7.8
Long Blades    | 3 4 |  4.4
Invocations    | 2 |  2.1
Dodging        | |  1.7

Action                   |  1- 3 |  4- 6 |  7- 9 || total
-------------------------+-------+-------+-------++-------
Melee: Short sword       |     1 |       |       ||     1
       Trident           |    18 |    23 |       ||    41
       Tailslap          |       |     1 |    15 ||    16
       Falchion          |       |       |   103 ||   103
 Fire: Hunting sling     |    15 |    56 |    16 ||    87
Throw: Dart              |       |       |    10 ||    10
 Cast: Magic Dart        |    56 |    34 |     4 ||    94
       Searing Ray       |       |    15 |    16 ||    31
 Abil: Breathe Lightning |       |       |     1 ||     1
  Use: Potion            |       |       |     3 ||     3
 Stab: Sleeping          |     1 |     1 |     5 ||     7
       Distracted        |       |       |     1 ||     1
Armor: Skin              |    17 |    13 |    47 ||    77
Dodge: Dodged            |    17 |    35 |    79 ||   131
       Rpst.: Falchion   |       |       |    16 ||    16
